Map: Orbital Depot

Players

Xingon - Winner!

  • Race: Protoss Protoss
  • Spawn Location: 9:00

Metasapien - Winner!

  • Race: Zerg Zerg
  • League: Platinum
  • Spawn Location: 7:00

Kswiss - Winner!

  • Race: Protoss Protoss
  • Spawn Location: 9:00

Apple

  • Race: Terran Terran
  • Spawn Location: 1:00

BoSS

  • Race: Protoss Protoss
  • Spawn Location: 3:00

Spoogle

  • Race: Protoss Protoss
  • Spawn Location: 3:00

VOD

Have the link to the VOD?

Description

Time

  • Played on: Sept. 17, 2017, 6:24 p.m.
  • Length: 16:41
Show
View Real Time Build Order
Export as new Build Order

Xingon Protoss - Winner!

Build Orders: Dark Templar Rush 

Get SALT Encoding   

  12  0:16  Probe (Chrono Boost)  
  13  0:27  Probe (Chrono Boost)  
  14  0:33  Pylon  
  14  0:37  Probe (Chrono Boost), Pylon  
  15  0:51  Probe (Chrono Boost), Assimilator  
  16  0:58  Forge  
  16  1:02  Probe (Chrono Boost)  
  17  1:14  Gateway  
  17  1:17  Pylon  
  17  1:27  Assimilator  
  17  1:28  Probe (Chrono Boost)  
  18  1:40  Photon Cannon  
  18  1:44  Probe (Chrono Boost)  
  19  1:57  Photon Cannon  
  19  2:06  Cybernetics Core  
  20  2:08  Probe (Chrono Boost)  
  20  2:19  Probe (Chrono Boost)  
  21  2:33  Probe (Chrono Boost)  
  22  2:37  Pylon  
  22  2:44  Twilight Council  
  22  2:49  Robotics Facility  
  22  2:51  Warp Gate (Chrono Boost)  
  22  3:04  Photon Cannon  
  22  3:17  Gateway  
  22  3:26  Dark Shrine  
  22  3:28  Probe  
  23  3:41  Gateway  
  23  3:50  Warp Prism  
  25  3:57  Protoss Ground Weapons Level 1  
  25  4:18  Gateway  
  25  4:25  Pylon  
  25  4:37  Photon Cannon  
  24  5:48  Dark Templar x4  
  22  6:48  Templar Archives  
  22  6:59  Zealot x2  
  22  7:00  Zealot x2  
  30  7:03  Protoss Ground Weapons Level 2 (Chrono Boost)  
  30  7:14  Gateway  
  30  7:16  Gateway  
  30  7:17  Pylon  
  22  7:40  Dark Templar x3  
  22  7:41  Dark Templar  
  22  9:30  Protoss Ground Weapons Level 3 (Chrono Boost)  
  22  9:45  Nexus  
  22  9:48  Psionic Storm, Pylon  
  22  9:51  Pylon  
  22  9:54  Charge  
  22  9:55  Assimilator  
  22  10:00  Assimilator  
  22  10:10  Photon Cannon x2  
  22  10:12  Photon Cannon  
  22  10:14  Photon Cannon  
  22  10:16  Photon Cannon  
  22  10:19  Photon Cannon  
  22  10:23  Photon Cannon  
  22  10:26  Photon Cannon  
  22  10:31  Photon Cannon  
  22  10:34  Pylon  
  22  10:58  Probe  
  22  11:00  Pylon  
  23  11:09  Probe  
  24  11:19  Probe, High Templar  
  24  11:20  High Templar  
  24  11:22  High Templar x2  
  33  11:30  Probe  
  34  11:33  Dark Templar  
  36  11:40  Probe  
  37  11:58  Probe  
  38  12:09  Probe  
  38  12:10  High Templar x2  
  38  12:13  Zealot x3  
  49  12:16  Zealot  
  49  12:19  Probe  
  52  12:30  Probe  
  53  12:38  Dark Templar x2  
  53  12:40  Probe, Dark Templar  
  60  12:53  Zealot  
  60  12:54  Zealot  
  60  12:57  Zealot  
  66  13:08  Protoss Shields Level 1 (Chrono Boost)  
  66  13:17  Zealot x2  
  70  14:11  Zealot x3  
  70  14:12  Zealot x3  
  82  14:21  Archon x2  
  82  14:22  Archon  
  82  14:25  Archon x2  
  82  14:48  Dark Templar x5  
  82  14:49  Dark Templar  
  92  16:07  Zealot x6  
Show
View Real Time Build Order
Export as new Build Order

Metasapien Zerg - Winner!

Build Orders: Pool First 

Get SALT Encoding   

  12  0:01  Drone  
  13  0:31  Drone  
  13  0:34  Spawning Pool  
  13  0:35  Overlord  
  13  0:36  Drone  
  13  0:40  Extractor  
  13  0:42  Drone, Extractor  
  13  0:53  Drone  
  15  1:08  Drone  
  16  1:16  Overlord  
  16  1:23  Queen  
  16  1:25  Zergling x2  
  19  1:35  Extractor  
  18  1:46  Zergling x4  
  20  1:53  Hatchery  
  19  1:57  Overlord  
  19  2:10  Zergling x2  
  20  2:22  Drone  
  21  2:24  Roach Warren  
  20  2:34  Drone x4  
  24  2:38  Lair  
  24  2:50  Drone  
  25  2:53  Spore Crawler, Metabolic Boost  
  24  3:05  Roach  
  24  3:06  Roach x3  
  32  3:16  Drone  
  32  3:19  Queen  
  35  3:21  Drone  
  35  3:22  Drone  
  37  3:28  Drone  
  38  3:38  Drone  
  38  3:39  Drone  
  40  3:41  Drone  
  41  3:58  Hatchery  
  40  4:03  Glial Reconstitution  
  40  4:04  Hydralisk Den  
  40  4:05  Overlord  
  39  4:10  Drone x2  
  39  4:12  Drone  
  39  4:16  Drone x2  
  44  4:19  Extractor  
  44  4:21  Overlord  
  43  4:28  Roach  
  43  4:30  Overseer  
  45  4:32  Queen  
  47  4:39  Spore Crawler  
  47  4:41  Hydralisk x2  
  47  4:45  Overlord  
  50  4:50  Hydralisk  
  52  4:55  Overlord  
  53  5:00  Drone x4  
  56  5:11  Hydralisk  
  56  5:12  Roach x3  
  61  5:14  Zergling x2  
  61  5:22  Hydralisk  
  61  5:23  Hydralisk  
  61  5:25  Drone  
  61  5:26  Drone  
  67  5:32  Queen  
  69  5:41  Spore Crawler  
  69  5:42  Drone x2  
  70  5:53  Drone x3  
  73  6:01  Infestation Pit  
  72  6:07  Evolution Chamber  
  72  6:08  Zergling x10, Evolution Chamber  
  72  6:09  Overlord, Zergling x2  
  72  6:10  Overlord x2  
  76  6:19  Drone  
  76  6:20  Drone x4  
  81  6:33  Overseer  
  81  6:35  Pneumatized Carapace  
  81  6:36  Hydralisk x3  
  81  6:37  Overlord  
  87  6:41  Queen  
  87  6:44  Drone x2  
  87  6:46  Drone  
  92  6:53  Extractor  
  91  6:56  Extractor  
  91  6:58  Drone x3, Extractor  
  91  6:59  Drone  
  91  7:00  Drone x2  
  95  7:05  Overlord x3  
  95  7:10  Zerg Missile Weapons Level 1  
  95  7:11  Zerg Ground Armor Level 1  
  95  7:16  Muscular Augments  
  95  7:27  Drone x3  
  95  7:29  Hydralisk x2  
  100  7:30  Roach  
  85  8:07  Hydralisk x2  
  85  8:08  Hydralisk x6  
  91  8:34  Hydralisk  
  91  8:35  Roach x2, Hydralisk x3  
  91  8:36  Roach x2  
  95  8:50  Hatchery  
  94  9:01  Roach, Hydralisk x6  
  108  9:10  Spine Crawler  
  108  9:13  Drone x3  
  108  9:16  Queen x2  
  114  9:38  Zerg Missile Weapons Level 2  
  114  9:40  Nydus Network  
  113  9:55  Hatchery  
  113  9:57  Extractor x2  
  113  9:59  Extractor x2  
  108  10:14  Drone  
  108  10:15  Drone x2, Hydralisk x2  
  108  10:16  Roach x4, Hydralisk x2  
  108  10:19  Overlord x6  
  127  10:31  Tunneling Claws  
  127  10:36  Hive  
  127  10:46  Drone  
  128  10:53  Drone x2  
  128  10:55  Drone  
  128  10:56  Drone x2  
  134  10:57  Drone x3  
  134  10:58  Drone x3  
  134  11:00  Drone x3  
  142  11:08  Drone  
  142  11:11  Roach, Hydralisk x4  
  143  11:12  Roach x3  
  149  11:21  Hydralisk x2  
  149  11:22  Roach x2, Hydralisk x2  
  149  11:24  Ravager  
  108  11:34  Queen  
  108  11:35  Queen x2  
  108  11:39  Hydralisk x3  
  107  11:40  Roach x2, Hydralisk  
  115  11:48  Queen  
  117  12:03  Drone x3  
  117  12:04  Drone  
  117  12:05  Drone x4  
  117  12:06  Roach, Hydralisk x3  
  117  12:07  Roach x4  
  141  12:09  Overlord  
  141  12:12  Overseer x2  
  133  12:33  Hydralisk x5  
  133  12:34  Hydralisk x5  
  133  12:35  Hydralisk x3  
  147  12:42  Extractor  
  147  12:43  Spore Crawler  
  141  12:45  Spore Crawler  
  140  12:52  Nydus Canal  
  140  13:02  Zerg Ground Armor Level 2  
  140  13:03  Zerg Missile Weapons Level 3  
  140  13:05  Adrenal Glands  
  140  13:10  Drone x2  
  140  13:11  Drone  
  143  13:20  Hydralisk x3  
  143  13:21  Roach x3, Hydralisk  
  143  13:22  Zergling x2  
  138  13:37  Zergling x12  
  138  13:38  Zergling x6  
  141  13:50  Hydralisk  
  141  13:51  Roach x3  
  145  14:30  Hatchery  
  143  14:37  Hydralisk x4  
  143  14:38  Hydralisk x4  
  153  14:39  Roach x3  
  153  14:42  Nydus Canal  
  164  14:52  Queen x2  
  158  15:11  Overlord x4  
  158  15:12  Overlord x2  
  158  15:35  Extractor  
  157  15:37  Extractor  
  157  15:42  Nydus Canal  
  156  15:45  Queen  
  156  15:47  Drone  
  157  15:51  Zergling x20  
  157  15:52  Zergling x24  
Show
View Real Time Build Order
Export as new Build Order

Kswiss Protoss - Winner!

Build Orders: Oracle Opening 

Get SALT Encoding   

  12  0:04  Probe (Chrono Boost)  
  13  0:15  Probe (Chrono Boost)  
  14  0:25  Pylon  
  14  0:30  Probe (Chrono Boost)  
  15  0:43  Probe (Chrono Boost)  
  15  0:48  Gateway  
  16  0:54  Probe (Chrono Boost)  
  17  0:57  Forge  
  17  1:04  Probe (Chrono Boost)  
  17  1:09  Assimilator  
  18  1:15  Probe (Chrono Boost)  
  19  1:18  Pylon  
  20  1:25  Probe (Chrono Boost)  
  20  1:31  Photon Cannon  
  20  1:41  Photon Cannon  
  20  1:59  Cybernetics Core  
  20  2:04  Photon Cannon  
  20  2:09  Photon Cannon  
  20  2:14  Assimilator  
  20  2:19  Zealot (Chrono Boost)  
  22  2:31  Probe  
  23  2:43  Probe  
  24  2:50  Stargate  
  24  2:54  Zealot (Chrono Boost)  
  26  3:19  Probe  
  27  3:23  Nexus  
  27  3:36  Oracle (Chrono Boost)  
  30  3:55  Pylon  
  30  4:12  Pylon  
  30  4:13  Stalker  
  30  4:14  Void Ray (Chrono Boost)  
  36  4:22  Pylon  
  36  4:30  Stargate  
  36  4:38  Probe  
  36  4:39  Photon Cannon  
  37  4:49  Probe  
  35  5:17  Void Ray (Chrono Boost)  
  43  5:22  Void Ray (Chrono Boost)  
  43  5:23  Probe  
  44  5:34  Probe  
  44  5:35  Photon Cannon  
  45  5:43  Photon Cannon  
  45  5:44  Probe  
  46  5:53  Assimilator  
  46  5:55  Probe  
  47  6:05  Probe  
  47  6:07  Void Ray (Chrono Boost)  
  52  6:11  Protoss Air Weapons Level 1 (Chrono Boost)  
  52  6:16  Probe  
  53  6:27  Probe  
  54  6:38  Probe  
  55  6:47  Void Ray  
  55  6:48  Probe  
  60  6:55  Stargate  
  60  6:58  Pylon  
  60  6:59  Probe  
  61  7:01  Pylon  
  61  7:09  Probe  
  62  7:20  Probe  
  62  7:21  Assimilator  
  57  7:30  Probe  
  42  7:53  Void Ray x3  
  49  8:20  Nexus  
  49  8:40  Fleet Beacon  
  49  8:58  Protoss Air Armor Level 1 (Chrono Boost)  
  49  9:45  Probe  
  50  9:56  Probe  
  50  9:59  Void Ray x2  
  59  10:06  Probe  
  60  10:17  Probe  
  61  10:27  Probe  
  61  10:29  Void Ray  
  61  10:32  Protoss Shields Level 1 (Chrono Boost)  
  66  10:38  Probe  
  66  10:41  Pylon  
  66  10:42  Pylon  
  67  10:44  Pylon  
  67  10:47  Robotics Facility  
  67  10:48  Probe  
  67  10:52  Pylon  
  67  10:53  Void Ray  
  72  10:59  Probe  
  73  11:04  Phoenix  
  65  12:13  Void Ray x3  
  53  12:52  Graviton Catapult  
  53  12:57  Stargate  
  53  12:59  Stargate  
  53  13:01  Probe  
  54  13:12  Carrier x2  
  60  13:15  Nexus  
  66  13:37  Carrier  
  70  14:18  Assimilator  
  70  14:19  Carrier  
  70  14:24  Protoss Air Weapons Level 2  
  76  14:30  Assimilator  
  76  14:45  Carrier  
Show
View Real Time Build Order
Export as new Build Order

Apple Terran 

Build Orders:  

Get SALT Encoding   

  12  0:01  SCV  
  13  0:13  SCV  
  14  0:34  Supply Depot  
  14  0:44  Refinery, SCV  
  14  0:49  Refinery  
  15  0:56  SCV  
  16  1:01  Barracks  
  16  1:08  SCV  
  17  1:20  SCV  
  18  1:32  SCV  
  19  1:44  SCV, Barracks  
  20  1:48  Barracks Reactor  
  20  1:54  Supply Depot  
  20  2:02  Orbital Command  
  20  2:19  Engineering Bay  
  20  2:26  Marine x2  
  22  2:31  Barracks Tech Lab  
  22  2:50  Supply Depot  
  22  2:54  Marauder  
  22  2:55  Marine  
  22  2:56  Marine  
  26  3:02  Terran Infantry Weapons Level 1  
  26  3:13  Concussive Shells, Marine x2  
  26  3:15  Marauder  
  30  3:27  Factory  
  30  3:31  Marine x2  
  32  3:36  Marauder  
  34  3:49  Marine x2  
  36  3:58  Marauder  
  38  4:07  Marine x2  
  40  4:12  Factory  
  40  4:19  Marauder  
  42  4:24  Marine  
  42  4:25  Marine  
  42  4:26  Command Center  
  44  4:33  Missile Turret  
  44  4:41  Marauder  
  45  4:56  Missile Turret  
  45  4:57  Terran Infantry Armor Level 1  
  44  5:02  Marauder  
  41  5:24  Missile Turret  
  41  5:35  Marine  
  41  5:36  Marine  
  43  5:46  Missile Turret  
  43  5:51  SCV  
  43  5:53  Marine  
  43  5:54  Marine  
  46  6:04  Missile Turret  
  46  6:11  Marine x2  
  48  6:26  Missile Turret  
  48  6:29  Marine  
  46  6:47  Missile Turret  
  46  6:57  Planetary Fortress  
  46  7:07  SCV  
  47  7:11  Missile Turret  
  47  7:19  SCV  
  20  8:00  Marine x2  
  20  8:03  Marauder  
  20  8:09  SCV  
  20  8:17  Marine x2  
  19  9:02  Orbital Command  
  5  9:58  SCV  
  6  10:01  SCV  
  6  10:06  Hellion  
  9  10:10  SCV  
  9  10:13  SCV  
  11  10:22  SCV  
  11  10:25  SCV  
  11  10:28  Hellion  
  15  10:34  SCV  
  16  10:37  SCV  
  17  10:44  Barracks  
  17  10:46  SCV  
  17  10:49  Hellion  
  20  10:58  SCV  
  21  11:10  Hellion, SCV  
  24  11:22  SCV  
  25  11:32  Hellion  
  23  11:53  Hellion  
  25  12:14  Hellion  
  25  12:42  Widow Mine  
  19  13:11  Widow Mine  
  19  13:12  Barracks  
  21  13:13  Barracks Reactor  
  21  13:39  Widow Mine  
  23  14:08  Widow Mine  
  25  14:15  Marine  
  25  14:16  Marine x2  
  28  14:33  Marine  
  28  14:34  Marine x2  
  33  14:48  Cyclone  
  33  14:51  Marine x2  
  36  15:11  Marine x3  
  37  15:29  Marine x3  
  25  15:47  Marine x3  
Show
View Real Time Build Order
Export as new Build Order

BoSS Protoss 

Build Orders: Blink Stalkers 

Get SALT Encoding   

  12  0:17  Probe (Chrono Boost)  
  13  0:28  Probe (Chrono Boost)  
  14  0:38  Probe (Chrono Boost)  
  15  1:09  Pylon  
  15  1:24  Assimilator  
  15  1:27  Gateway  
  15  1:28  Probe (Chrono Boost)  
  15  1:30  Pylon, Gateway  
  16  1:37  Assimilator  
  16  1:38  Probe (Chrono Boost)  
  17  1:41  Pylon  
  17  1:49  Probe (Chrono Boost)  
  18  1:59  Probe (Chrono Boost)  
  19  2:10  Probe (Chrono Boost)  
  20  2:16  Cybernetics Core  
  20  2:20  Probe (Chrono Boost)  
  20  2:22  Pylon  
  21  2:24  Pylon  
  21  2:28  Zealot x2  
  25  2:31  Probe (Chrono Boost)  
  26  2:41  Probe (Chrono Boost)  
  27  2:52  Probe (Chrono Boost)  
  27  2:56  Twilight Council  
  28  3:02  Warp Gate (Chrono Boost)  
  28  3:03  Probe  
  29  3:15  Pylon  
  28  3:39  Blink (Chrono Boost)  
  28  3:41  Probe  
  29  3:53  Probe  
  30  4:00  Nexus  
  30  4:02  Pylon  
  30  4:06  Probe  
  31  4:10  Gateway  
  31  4:14  Gateway  
  31  4:18  Probe  
  31  4:23  Forge  
  32  4:29  Pylon  
  32  4:51  Stalker x2  
  36  5:03  Photon Cannon  
  36  5:06  Photon Cannon  
  32  5:28  Photon Cannon  
  32  5:29  Probe  
  32  5:32  Photon Cannon  
  33  5:36  Probe  
  33  5:40  Probe  
  35  5:48  Probe  
  36  5:50  Probe, Stalker x2  
  41  6:01  Probe  
  40  6:11  Probe  
  41  6:50  Stalker  
  41  6:51  Stalker x3  
  41  6:53  Probe  
  49  6:55  Assimilator  
  49  6:56  Assimilator  
  50  7:04  Probe  
  51  7:14  Probe, Robotics Facility  
  51  7:17  Forge  
  51  7:20  Pylon  
  51  7:22  Stalker  
  54  7:23  Pylon, Stalker  
  54  7:24  Stalker  
  54  7:25  Probe  
  54  7:27  Pylon  
  57  7:35  Probe  
  46  7:44  Stalker  
  44  7:55  Stalker x3  
  46  8:09  Stalker  
  42  8:25  Stalker x2  
  42  8:26  Stalker  
  37  8:45  Pylon  
  37  8:48  Pylon  
  37  8:50  Pylon  
  37  8:53  Pylon  
  37  8:54  Gateway  
  37  8:57  Gateway  
  37  8:58  Gateway  
  37  8:59  Photon Cannon  
  37  9:05  Photon Cannon, Protoss Ground Weapons Level 1  
  37  9:07  Stalker x2  
  41  9:11  Photon Cannon  
  41  9:21  Probe  
  42  9:31  Probe  
  43  9:42  Probe  
  44  9:51  Stalker x3  
  44  9:52  Probe, Stalker  
  52  9:54  Stalker  
  55  10:21  Stalker x3  
  57  10:22  Stalker x2  
  65  10:46  Sentry x4  
  65  10:47  Sentry x2  
  65  10:48  Sentry  
  41  11:44  Stalker x3  
  41  11:45  Stalker x3  
  41  11:46  Stalker  
  51  12:10  Stalker  
  51  12:11  Stalker x3  
  51  12:12  Stalker x3  
  55  12:48  Stalker  
  55  12:49  Stalker x4  
  55  12:50  Stalker  
  63  12:51  Stalker  
  35  13:45  Stalker x4  
Show
View Real Time Build Order
Export as new Build Order

Spoogle Protoss 

Build Orders: Oracle Opening 

Get SALT Encoding   

  13  0:07  Probe (Chrono Boost)  
  13  0:16  Pylon  
  13  0:20  Probe (Chrono Boost)  
  14  0:31  Probe (Chrono Boost)  
  15  0:37  Gateway  
  15  0:42  Assimilator  
  15  0:46  Probe (Chrono Boost)  
  16  0:59  Probe (Chrono Boost)  
  17  1:09  Probe (Chrono Boost)  
  18  1:17  Assimilator  
  18  1:20  Probe (Chrono Boost)  
  19  1:27  Cybernetics Core  
  19  1:30  Probe (Chrono Boost)  
  20  1:41  Probe (Chrono Boost)  
  21  1:52  Probe (Chrono Boost)  
  22  2:02  Probe (Chrono Boost)  
  22  2:04  Warp Gate (Chrono Boost)  
  23  2:15  Pylon  
  23  2:32  Nexus, Stalker  
  23  2:33  Mothership Core  
  27  2:41  Pylon  
  27  2:51  Stargate  
  27  2:54  Probe  
  28  3:06  Probe  
  28  3:11  Pylon  
  29  3:18  Probe  
  30  3:30  Probe  
  31  3:35  Oracle  
  34  3:42  Probe  
  35  3:48  Probe  
  35  3:55  Probe  
  37  3:59  Probe  
  38  4:07  Probe  
  38  4:09  Probe, Pylon  
  39  4:11  Pylon  
  39  4:16  Forge  
  40  4:19  Probe  
  40  4:20  Probe  
  42  4:24  Void Ray  
  42  4:30  Probe  
  42  4:31  Probe  
  48  4:58  Stalker  
  50  5:14  Void Ray (Chrono Boost)  
  51  5:32  Gateway  
  51  5:33  Gateway  
  51  5:34  Gateway  
  51  5:37  Stargate  
  51  5:44  Photon Cannon  
  51  5:45  Photon Cannon  
  51  5:47  Photon Cannon  
  51  5:49  Photon Cannon  
  51  5:50  Probe  
  51  5:52  Pylon  
  51  5:53  Void Ray (Chrono Boost), Probe  
  57  6:01  Probe  
  58  6:05  Probe  
  59  6:11  Probe  
  60  6:50  Void Ray (Chrono Boost)  
  68  6:56  Void Ray (Chrono Boost)  
  68  7:04  Probe  
  68  7:06  Probe  
  68  7:08  Assimilator  
  70  7:09  Assimilator  
  70  7:16  Photon Cannon  
  70  7:18  Probe  
  71  7:27  Void Ray (Chrono Boost)  
  75  7:53  Void Ray (Chrono Boost)  
  67  8:11  Stalker  
  65  8:13  Stalker  
  65  8:14  Stalker  
  65  8:15  Void Ray (Chrono Boost)  
  77  8:36  Void Ray (Chrono Boost)  
  75  8:44  Stalker  
  77  8:55  Pylon  
  77  8:58  Pylon  
  77  9:03  Pylon  
  77  9:29  Void Ray (Chrono Boost)  
  85  9:32  Void Ray (Chrono Boost)  
  85  9:33  Stalker x2  
  85  9:34  Stalker  
  95  10:09  Void Ray (Chrono Boost)  
  95  10:12  Void Ray (Chrono Boost), Photon Cannon  
  99  10:15  Photon Cannon  
  99  10:18  Pylon, Stalker  
  101  10:39  Pylon  
  101  10:42  Stalker x3  
  107  10:43  Pylon  
  107  10:58  Void Ray (Chrono Boost)  
  107  11:04  Void Ray (Chrono Boost)  
  115  11:10  Stalker x3  
  107  11:35  Void Ray (Chrono Boost)  
  105  11:44  Stalker x2  
  105  11:45  Stalker  
  105  11:46  Void Ray (Chrono Boost)  
  115  12:12  Void Ray (Chrono Boost)  
  119  12:29  Void Ray (Chrono Boost)  
  93  12:45  Stalker x3  
  93  12:50  Void Ray (Chrono Boost)  
  103  13:07  Protoss Air Weapons Level 1  
  103  13:12  Void Ray (Chrono Boost)  
  97  13:27  Void Ray (Chrono Boost)  
  62  13:55  Void Ray (Chrono Boost)  
  60  14:04  Void Ray (Chrono Boost)  
Tags
 
Add a new tag
Caveats
  • Supply blocks, unpowered buildings, or Contaminate may cause inaccurate times.
  • Supply counts are checked every 10 seconds.